Map: Ciężka Artyleria ER

Players

PrimeIce - Winner!

  • Race: Protoss Protoss
  • League: Bronze
  • Spawn Location: 7:00

Legol - Winner!

  • Race: Protoss Protoss
  • League: Gold
  • Spawn Location: 7:00

SPOMii

  • Race: Protoss Protoss
  • League: Platinum
  • Spawn Location: 3:00

serlamp

  • Race: Protoss Protoss
  • Spawn Location: 1:00

VOD

Have the link to the VOD?

Description

Time

  • Played on: Dec. 28, 2019, 5:08 p.m.
  • Length: 19:49
Show
View Real Time Build Order
Export as new Build Order

PrimeIce Protoss - Winner!

Build Orders: Nexus First, Oracle Opening, Carriers 

Get SALT Encoding   

  12  0:04  Probe  
  13  0:16  Probe  
  14  0:27  Pylon  
  14  0:30  Probe  
  15  0:54  Nexus  
  15  1:03  Gateway  
  15  1:08  Probe (Chrono Boost)  
  16  1:14  Assimilator  
  16  1:20  Probe (Chrono Boost)  
  16  1:22  Assimilator  
  17  1:27  Probe (Chrono Boost)  
  18  1:35  Probe  
  19  1:47  Probe  
  19  1:50  Cybernetics Core  
  20  1:59  Probe (Chrono Boost)  
  21  2:07  Probe (Chrono Boost)  
  22  2:11  Probe (Chrono Boost)  
  23  2:17  Probe (Chrono Boost)  
  23  2:19  Probe (Chrono Boost)  
  23  2:22  Probe (Chrono Boost)  
  25  2:25  Probe  
  27  2:33  Probe, Stargate  
  28  2:39  Stargate  
  28  2:45  Assimilator  
  28  2:47  Assimilator  
  28  3:01  Probe x2  
  30  3:10  Pylon  
  30  3:17  Fleet Beacon  
  30  3:19  Probe x2  
  32  3:39  Nexus  
  32  3:55  Oracle x2 (Chrono Boost), Unknown  
  32  4:01  Probe x2  
  40  4:14  Probe  
  40  4:15  Protoss Air Weapons Level 1  
  41  4:21  Probe  
  42  4:26  Pylon  
  42  4:30  Probe  
  43  4:34  Probe  
  44  4:40  Pylon  
  44  4:51  Void Ray  
  48  4:54  Void Ray  
  48  4:57  Probe  
  48  4:59  Probe  
  54  5:31  Void Ray (Chrono Boost)  
  54  5:34  Probe, Void Ray (Chrono Boost)  
  54  5:35  Probe x2  
  65  5:54  Probe (Chrono Boost)  
  65  5:55  Probe (Chrono Boost)  
  68  5:59  Probe (Chrono Boost)  
  68  6:07  Void Ray  
  68  6:08  Probe (Chrono Boost)  
  68  6:10  Pylon, Void Ray  
  77  6:25  Pylon  
  77  6:27  Assimilator  
  77  6:28  Probe x3  
  77  6:32  Assimilator  
  80  6:53  Void Ray x2  
  88  7:02  Pylon, Stargate  
  88  7:03  Pylon  
  88  7:17  Probe x2  
  88  7:19  Mothership (Chrono Boost)  
  98  7:28  Pylon  
  98  7:32  Pylon  
  98  7:51  Void Ray x3  
  104  8:03  Probe x2  
  106  8:12  Protoss Air Weapons Level 2  
  106  8:13  Forge  
  106  8:15  Shield Battery  
  106  8:21  Probe x2  
  108  8:31  Void Ray x3 (Chrono Boost)  
  108  8:33  Probe  
  121  8:58  Pylon  
  121  8:59  Pylon  
  121  9:06  Void Ray  
  125  9:15  Void Ray x2  
  133  9:49  Void Ray  
  133  9:50  Stargate  
  133  9:51  Stargate  
  137  9:54  Stargate  
  137  10:26  Nexus  
  137  10:28  Assimilator  
  137  10:32  Assimilator  
  137  10:37  Pylon  
  137  10:39  Pylon  
  137  10:41  Pylon  
  137  10:45  Carrier (Chrono Boost)  
  137  10:46  Carrier (Chrono Boost)  
  137  10:47  Pylon  
  137  10:49  Pylon  
  141  10:52  Pylon, Carrier (Chrono Boost)  
  127  11:15  Carrier x2 (Chrono Boost)  
  139  11:18  Carrier (Chrono Boost)  
  145  11:41  Void Ray  
  145  11:43  Void Ray  
  145  11:45  Probe  
  154  11:57  Probe  
  154  11:59  Carrier  
  161  12:07  Cybernetics Core  
  161  12:09  Probe  
  162  12:20  Protoss Air Weapons Level 3 (Chrono Boost)  
  162  12:21  Probe  
  163  12:32  Carrier x2  
  163  12:33  Probe, Carrier  
  182  12:39  Carrier  
  188  12:54  Carrier  
  194  13:07  Robotics Facility  
  194  13:10  Robotics Facility  
  194  13:30  Carrier  
  200  13:45  Protoss Air Armor Level 1 (Chrono Boost)  
  200  14:23  Void Ray x2  
  200  14:24  Void Ray x2  
  192  14:27  Observer x2  
  192  14:30  Robotics Bay  
  194  14:42  Void Ray  
  197  15:31  Gravitic Boosters (Chrono Boost)  
  197  15:37  Observer x2  
  199  16:09  Protoss Air Armor Level 2 (Chrono Boost)  
  199  16:20  Gateway  
  199  16:21  Gateway  
  199  16:22  Warp Gate  
  199  16:26  Gateway  
  170  16:59  Mothership, Void Ray x2  
  180  17:12  Pylon  
  180  17:15  Pylon  
  180  17:18  Pylon  
  180  17:19  Pylon  
  180  17:20  Pylon  
  180  17:29  Void Ray x2  
  180  17:33  Void Ray  
  192  17:46  Observer x2  
  194  18:03  Void Ray  
  198  18:47  Gateway x2  
  198  18:50  Gateway  
  198  18:52  Gateway x2  
  198  18:53  Gateway  
  198  18:57  Pylon, Gateway  
  198  19:48  Nexus  
Show
View Real Time Build Order
Export as new Build Order

Legol Protoss - Winner!

Build Orders: Zealot Archon 

Get SALT Encoding   

  12  0:01  Probe  
  13  0:13  Probe  
  14  0:18  Pylon  
  14  0:25  Probe  
  15  0:37  Gateway  
  15  0:38  Probe (Chrono Boost)  
  16  0:48  Assimilator, Probe (Chrono Boost)  
  17  1:01  Probe  
  18  1:13  Probe  
  19  1:26  Probe (Chrono Boost), Cybernetics Core  
  20  1:33  Pylon  
  20  1:38  Probe (Chrono Boost)  
  21  1:44  Probe (Chrono Boost)  
  22  1:52  Probe  
  23  2:04  Probe, Nexus  
  23  2:05  Stalker  
  26  2:14  Warp Gate  
  26  2:23  Shield Battery  
  26  2:25  Probe  
  28  2:37  Probe  
  28  2:40  Stalker  
  30  2:49  Probe  
  31  2:55  Pylon  
  30  3:01  Probe  
  30  3:02  Gateway  
  31  3:15  Robotics Facility  
  31  3:20  Assimilator  
  31  3:22  Probe (Chrono Boost)  
  33  3:27  Probe (Chrono Boost)  
  33  3:32  Probe (Chrono Boost)  
  34  3:36  Probe (Chrono Boost)  
  34  3:38  Stalker  
  37  3:45  Assimilator, Probe  
  37  3:46  Probe  
  37  3:47  Assimilator  
  39  3:49  Stalker  
  41  3:57  Probe  
  42  4:04  Observer (Chrono Boost)  
  43  4:15  Gateway  
  43  4:16  Probe x2, Gateway  
  45  4:19  Pylon  
  45  4:23  Pylon  
  45  4:24  Stalker  
  45  4:28  Probe x2  
  49  4:31  Warp Prism  
  51  4:42  Probe (Chrono Boost), Twilight Council  
  51  4:45  Probe (Chrono Boost)  
  54  4:54  Probe (Chrono Boost)  
  54  4:56  Forge  
  54  4:57  Probe (Chrono Boost)  
  54  4:59  Probe (Chrono Boost)  
  55  5:00  Stalker  
  55  5:06  Probe  
  58  5:13  Probe  
  59  5:18  Probe  
  60  5:23  Immortal (Chrono Boost), Stalker x3  
  60  5:26  Protoss Ground Weapons Level 1 (Chrono Boost)  
  70  5:36  Templar Archives  
  70  5:42  Pylon  
  70  5:44  Pylon  
  70  6:03  Nexus  
  70  6:07  Probe x2  
  72  6:15  Shield Battery  
  72  6:18  Stalker x3  
  74  6:19  Probe x2, Stalker  
  82  6:37  Gateway  
  82  6:40  Gateway  
  82  6:50  Zealot  
  82  6:51  Zealot  
  82  7:09  Pylon  
  82  7:10  Probe x2, Pylon  
  82  7:13  Pylon  
  82  7:15  Pylon, Blink (Chrono Boost)  
  84  7:22  Probe x2  
  84  7:28  Protoss Ground Weapons Level 2 (Chrono Boost)  
  84  7:34  Forge  
  84  7:37  High Templar x3  
  84  7:38  High Templar x2  
  84  7:43  High Templar  
  96  7:46  Assimilator  
  96  7:49  Assimilator, Archon  
  96  7:53  Archon  
  96  7:54  Archon  
  96  8:07  Pylon  
  96  8:09  Probe x2  
  96  8:10  Probe, Pylon  
  99  8:15  Pylon  
  99  8:17  Pylon  
  99  8:21  Probe x2  
  99  8:22  Probe, Observer (Chrono Boost), Protoss Ground Armor Level 1 (Chrono Boost)  
  103  8:38  Nexus  
  103  8:42  Assimilator  
  103  8:43  Gateway  
  103  8:46  Assimilator, Gateway  
  103  8:49  Gateway  
  103  8:51  Pylon  
  103  8:52  Gateway, High Templar x5  
  103  8:54  Gateway  
  113  8:57  Gateway, High Templar  
  113  9:00  Archon x2  
  113  9:01  Archon  
  81  9:28  High Templar x3  
  85  9:40  Probe (Chrono Boost)  
  85  9:45  Probe x2 (Chrono Boost)  
  88  9:47  Zealot x5  
  88  9:48  Zealot x2  
  88  9:49  Probe (Chrono Boost)  
  105  9:53  Probe x2 (Chrono Boost), Protoss Ground Weapons Level 3 (Chrono Boost)  
  105  10:10  High Templar x3  
  105  10:13  High Templar  
  113  10:16  Archon  
  113  10:17  Archon  
  113  10:19  Archon  
  113  10:23  Zealot x2  
  113  10:24  Zealot x5  
  113  10:25  Zealot  
  113  10:27  Charge (Chrono Boost)  
  129  10:44  Zealot  
  129  10:45  Zealot x6  
  129  10:46  Zealot x5  
  153  10:57  Probe (Chrono Boost)  
  153  11:04  Pylon  
  154  11:07  Probe (Chrono Boost), Pylon  
  154  11:09  Pylon  
  155  11:12  Probe (Chrono Boost)  
  156  11:23  Probe  
  155  11:35  Probe  
  155  11:36  High Templar x5  
  155  11:37  High Templar x6  
  178  11:43  Archon x5  
  178  11:46  Zealot  
  180  12:10  Nexus  
  180  12:13  Gateway  
  180  12:14  Assimilator  
  180  12:15  Gateway  
  180  12:16  Gateway  
  180  12:18  Assimilator, Gateway  
  180  12:20  Gateway  
  180  12:22  Gateway  
  180  12:32  Protoss Ground Armor Level 2 (Chrono Boost)  
  180  12:37  High Templar x3  
  180  12:38  High Templar x5  
  180  12:42  Archon x4  
  196  13:54  Protoss Shields Level 1 (Chrono Boost)  
  107  15:12  High Templar x4  
  107  15:13  High Templar x2  
  91  15:14  High Templar x3  
  91  15:15  High Templar x3  
  91  15:16  High Templar x3  
  91  15:17  High Templar x3  
  91  15:20  Archon x7, Psionic Storm  
  115  15:21  Archon x2  
  115  15:41  Protoss Ground Armor Level 3 (Chrono Boost)  
  115  15:50  High Templar x6  
  115  15:51  High Templar x3  
  115  15:54  Archon x3  
  133  16:03  Warp Prism (Chrono Boost)  
  133  16:11  Protoss Shields Level 2 (Chrono Boost)  
  135  16:32  Warp Prism  
  137  17:07  Warp Prism  
  139  17:12  High Templar x7  
  139  17:13  High Templar x5  
  139  17:14  High Templar  
  165  17:16  Archon  
  165  17:17  Archon x3  
  165  17:18  Archon x2  
  165  17:55  Zealot  
  165  17:56  Zealot x5  
  165  17:57  Zealot x5  
  165  17:58  Zealot x6  
  165  18:44  High Templar x6  
  165  18:45  High Templar x6  
  165  18:46  High Templar  
  191  18:50  Archon x6  
  191  18:57  Assimilator  
  191  19:00  Assimilator  
  191  19:01  Nexus  
Show
View Real Time Build Order
Export as new Build Order

SPOMii Protoss 

Build Orders:  

Get SALT Encoding   

  12  0:01  Probe  
  13  0:13  Probe  
  14  0:22  Pylon  
  14  0:25  Probe  
  15  0:40  Probe (Chrono Boost)  
  15  0:42  Gateway  
  16  0:50  Assimilator  
  16  0:52  Probe (Chrono Boost)  
  17  1:00  Pylon  
  17  1:02  Probe (Chrono Boost)  
  18  1:13  Assimilator  
  18  1:14  Probe (Chrono Boost)  
  19  1:23  Probe (Chrono Boost)  
  20  1:28  Probe  
  20  1:29  Cybernetics Core  
  21  1:41  Probe  
  21  1:46  Pylon  
  22  1:53  Probe  
  23  1:56  Pylon  
  23  2:09  Warp Gate (Chrono Boost), Robotics Facility  
  23  2:17  Stalker  
  25  2:37  Nexus  
  25  2:45  Pylon  
  25  2:55  Gateway  
  25  3:04  Gateway  
  25  3:14  Shield Battery  
  25  3:27  Immortal (Chrono Boost)  
  29  3:39  Forge  
  29  3:48  Probe  
  30  3:49  Probe  
  31  4:00  Stalker x2  
  35  4:17  Photon Cannon  
  35  4:25  Photon Cannon  
  35  4:28  Probe x2  
  37  4:34  Observer  
  38  4:40  Probe x2  
  40  4:50  Stalker  
  40  4:51  Stalker x2  
  46  5:17  Immortal  
  50  5:23  Probe x2  
  50  5:27  Stalker x3  
  58  5:36  Twilight Council  
  58  5:45  Probe x2  
  58  5:47  Protoss Ground Weapons Level 1 (Chrono Boost)  
  60  5:52  Pylon  
  60  5:57  Probe x2  
  62  6:09  Probe  
  63  6:12  Stalker x2  
  63  6:13  Stalker  
  69  6:23  Templar Archives  
  69  6:27  Probe x2  
  71  6:33  Assimilator  
  71  6:38  Assimilator  
  71  6:39  Probe  
  65  6:51  Probe (Chrono Boost)  
  67  7:00  Probe x2 (Chrono Boost)  
  68  7:06  Probe x2 (Chrono Boost)  
  70  7:10  Stalker  
  70  7:11  Stalker x2  
  76  7:18  Probe x2  
  76  7:21  Pylon  
  78  7:23  Pylon  
  78  7:34  Pylon  
  77  7:39  Immortal  
  77  7:49  High Templar x3  
  83  7:56  Probe (Chrono Boost)  
  84  8:00  Nexus  
  85  8:05  Pylon  
  85  8:06  Probe (Chrono Boost)  
  85  8:07  Pylon  
  85  8:11  Probe (Chrono Boost)  
  85  8:15  Blink (Chrono Boost)  
  86  8:22  Probe  
  86  8:23  High Templar  
  86  8:24  Zealot x2  
  86  8:26  Archon  
  93  8:27  Archon  
  93  8:39  Shield Battery  
  93  8:42  Photon Cannon  
  93  8:45  Photon Cannon  
  93  8:49  Photon Cannon  
  38  9:43  Stalker x3  
  44  9:49  Gateway  
  44  9:51  Gateway  
  44  9:53  Gateway  
  44  9:54  Gateway  
  44  9:59  Gateway  
  44  10:01  Gateway  
  44  10:03  Stargate  
  44  10:17  Probe (Chrono Boost)  
  47  10:21  Probe (Chrono Boost)  
  47  10:22  Probe (Chrono Boost)  
  48  10:28  Probe (Chrono Boost)  
  48  10:32  Probe (Chrono Boost), Stalker x3  
  48  10:33  Probe (Chrono Boost)  
  55  10:43  Probe  
  56  10:55  Probe  
  32  12:36  Stargate  
  32  12:38  Stargate  
  32  12:42  Nexus  
  32  13:21  Void Ray x2  
  32  13:22  Void Ray  
  22  14:53  Void Ray  
  22  14:54  Void Ray  
  30  15:23  Protoss Air Weapons Level 1  
  30  15:48  Stargate  
  30  15:51  Stargate  
  30  15:53  Pylon  
  30  15:54  Stargate  
  30  15:55  Pylon, Stargate  
  30  15:56  Pylon  
  30  16:00  Pylon  
  30  16:05  Pylon  
  30  16:09  Pylon  
  30  16:11  Void Ray x2  
  38  16:54  Void Ray  
  30  17:10  Void Ray x3  
  30  17:11  Void Ray  
  46  17:20  Void Ray  
  50  18:09  Void Ray x5  
  50  18:10  Void Ray  
Show
View Real Time Build Order
Export as new Build Order

serlamp Protoss 

Build Orders: Nexus First, Carriers 

Get SALT Encoding   

  12  0:38  Nexus  
  12  0:45  Pylon  
  12  0:48  Probe (Chrono Boost)  
  13  0:59  Probe (Chrono Boost)  
  13  1:04  Probe (Chrono Boost)  
  15  1:15  Probe (Chrono Boost)  
  16  1:23  Probe (Chrono Boost)  
  17  1:29  Probe  
  18  1:36  Assimilator  
  18  1:41  Probe  
  19  1:59  Assimilator  
  19  2:00  Probe (Chrono Boost)  
  20  2:02  Assimilator  
  20  2:10  Probe (Chrono Boost)  
  21  2:15  Probe (Chrono Boost)  
  23  2:22  Probe (Chrono Boost)  
  23  2:29  Gateway  
  23  2:32  Probe (Chrono Boost)  
  23  2:33  Probe (Chrono Boost)  
  24  2:37  Probe (Chrono Boost), Forge  
  24  2:38  Probe (Chrono Boost)  
  26  2:49  Probe  
  26  2:50  Probe  
  28  3:02  Probe (Chrono Boost)  
  28  3:04  Nexus  
  29  3:14  Probe (Chrono Boost)  
  29  3:15  Assimilator  
  29  3:19  Assimilator, Cybernetics Core  
  30  3:20  Probe (Chrono Boost)  
  30  3:22  Photon Cannon  
  30  3:25  Probe  
  32  3:29  Probe  
  33  3:39  Pylon  
  33  3:41  Probe  
  34  3:44  Gateway  
  34  3:48  Probe  
  35  3:53  Probe (Chrono Boost)  
  36  4:02  Protoss Ground Weapons Level 1  
  36  4:05  Probe (Chrono Boost)  
  37  4:10  Photon Cannon, Stalker  
  37  4:12  Probe (Chrono Boost)  
  40  4:18  Pylon  
  40  4:19  Probe  
  40  4:20  Warp Gate (Chrono Boost)  
  41  4:30  Probe (Chrono Boost)  
  41  4:31  Stargate  
  42  4:39  Stalker  
  42  4:41  Probe (Chrono Boost)  
  42  4:43  Stalker  
  47  4:45  Probe (Chrono Boost)  
  47  4:50  Robotics Facility  
  48  4:56  Probe  
  48  4:57  Probe  
  50  5:05  Gateway  
  44  5:08  Probe (Chrono Boost)  
  41  5:20  Probe (Chrono Boost)  
  40  5:28  Probe (Chrono Boost)  
  40  5:29  Phoenix (Chrono Boost)  
  40  5:34  Probe  
  43  5:45  Phoenix (Chrono Boost)  
  43  5:46  Probe  
  43  5:47  Probe  
  47  5:53  Observer  
  48  5:58  Probe  
  48  5:59  Probe  
  48  6:03  Pylon  
  50  6:06  Pylon  
  50  6:10  Probe  
  50  6:11  Probe  
  52  6:22  Probe, Void Ray  
  52  6:23  Probe, Protoss Shields Level 1  
  58  6:31  Fleet Beacon  
  58  6:34  Stargate  
  58  6:40  Protoss Air Weapons Level 1  
  58  6:41  Stalker x3  
  64  6:51  Probe (Chrono Boost)  
  65  7:01  Probe (Chrono Boost)  
  65  7:06  Probe (Chrono Boost)  
  65  7:20  Probe (Chrono Boost)  
  65  7:21  Probe (Chrono Boost)  
  67  7:29  Assimilator  
  68  7:30  Carrier  
  68  7:31  Probe (Chrono Boost), Carrier  
  68  7:33  Assimilator  
  68  7:36  Probe (Chrono Boost)  
  81  7:47  Stargate  
  81  7:49  Probe (Chrono Boost), Stargate  
  80  7:54  Probe (Chrono Boost)  
  81  8:04  Probe (Chrono Boost)  
  81  8:05  Probe (Chrono Boost)  
  83  8:09  Probe (Chrono Boost)  
  83  8:11  Observer  
  83  8:12  Cybernetics Core  
  85  8:23  Pylon  
  85  8:27  Pylon  
  85  8:28  Pylon  
  85  8:31  Pylon  
  85  8:33  Pylon  
  85  8:42  Probe x2  
  85  8:46  Protoss Air Armor Level 1 (Chrono Boost)  
  87  8:49  Protoss Ground Armor Level 1  
  87  8:54  Probe x2  
  95  9:01  Carrier (Chrono Boost)  
  95  9:06  Protoss Air Weapons Level 2 (Chrono Boost), Probe  
  96  9:18  Probe  
  97  9:30  Probe  
  110  9:32  Carrier (Chrono Boost)  
  110  9:36  Carrier (Chrono Boost)  
  110  9:39  Carrier (Chrono Boost)  
  116  9:57  Pylon  
  116  9:58  Probe (Chrono Boost)  
  117  10:00  Pylon  
  117  10:05  Pylon  
  124  10:07  Pylon  
  124  10:08  Probe (Chrono Boost), Carrier (Chrono Boost)  
  124  10:13  Probe (Chrono Boost)  
  125  10:24  Probe  
  132  10:30  Carrier (Chrono Boost)  
  132  10:34  Carrier (Chrono Boost)  
  138  10:36  Probe  
  138  10:40  Carrier (Chrono Boost)  
  109  10:58  Stalker x3  
  120  11:22  Carrier (Chrono Boost)  
  120  11:29  Carrier (Chrono Boost)  
  120  11:31  Carrier (Chrono Boost)  
  132  11:33  Stalker x2  
  132  11:34  Stalker  
  132  11:35  Mothership (Chrono Boost), Carrier (Chrono Boost)  
  152  11:58  Protoss Air Armor Level 2 (Chrono Boost)  
  152  12:00  Protoss Air Weapons Level 3 (Chrono Boost)  
  152  12:24  Pylon  
  152  12:26  Pylon  
  152  12:29  Pylon  
  152  12:31  Pylon  
  152  12:33  Pylon  
  152  12:36  Pylon  
  152  12:39  Pylon  
  152  12:42  Carrier  
  158  12:47  Carrier x3  
  176  13:47  Twilight Council  
  176  13:51  Carrier  
  176  13:52  Carrier x2  
  194  13:56  Carrier  
  192  15:48  Protoss Air Armor Level 3  
  192  15:58  Void Ray x2  
  108  17:06  Carrier x4  
  114  17:13  Mothership (Chrono Boost)  
  122  17:29  Dark Shrine  
  116  18:24  Void Ray  
Tags
 
Add a new tag
Caveats
  • Supply blocks, unpowered buildings, or Contaminate may cause inaccurate times.
  • Supply counts are checked every 10 seconds.